AoeStats
← HSL | Tisy16

Pilgrims

510062378Analyzed
2v2 RM · 3d ago on Sep 29, 2026· 46m 43s· 4 players
Game mode
Random Map
Map size
Medium (4 player)
Population
200
Speed
Normal
Resources
Standard
Victory
Conquest
Starting age
Dark Age
Ending age
Imperial Age
RankedLock teamsTeams togetherTeam positionsShared explorationLock speedFull tech treeHidden civsTurbo modeCheats
Victory
Defeat
🇨🇳 Turks · China
1367
+11
🇮🇹 Byzantines · Italy
1346
+12
🇯🇵 Danes · Japan
1304
-13
🇪🇸 Franks · Spain
1204
-10
黑洞
5:34 Loom
10:10 Feudal Age
12:17 Double-Bit Axe
14:42 Castle Age
14:51 Horse Collar
17:49 Medium Warships
19:19 Padded Archer Armor
19:10 Town Watch
24:06 Leather Archer Armor
31:24 Heavy Plow
31:53 Gold Mining
32:56 Wheelbarrow
33:57 Stone Mining
34:43 Gold Shaft Mining
37:32 Imperial Age
36:31 Bow Saw
38:31 Scale Barding Armor
41:13 Ring Archer Armor
41:36 Hand Cart
41:54 Forging
43:14 Elite Janissary
46:04 Chain Barding Armor
HSL | Tisy16
5:51 Loom
12:44 Feudal Age
13:36 Double-Bit Axe
19:36 Forging
31:11 Castle Age
32:05 Medium Warships
34:55 Clinker Construction
34:51 Siphons
36:39 Fishing Lines
37:24 Bow Saw
40:09 Stone Mining
40:10 Gold Mining
41:04 Treadmill Crane
44:41 Imperial Age
42:47 Wheelbarrow
42:35 Scale Barding Armor
43:05 Iron Casting
42:34 Scale Mail Armor
42:36 Husbandry
42:43 Horse Collar
44:51 Fletching
45:18 Heavy Plow
45:55 Chain Barding Armor
47:20 Plate Barding Armor
ezechias
2:51 Loom
11:19 Feudal Age
11:56 Double-Bit Axe
11:57 Man-at-Arms
12:49 Gold Mining
13:25 Fletching
13:35 Scale Mail Armor
15:26 Forging
21:12 Castle Age
20:20 Scale Barding Armor
20:13 Horse Collar
21:24 Arson
35:11 Ballistics
35:03 Masonry
40:27 Bow Saw
40:21 Heavy Plow
42:34 Squires
47:55 Imperial Age
Olkem
3:48 Loom
11:54 Feudal Age
12:42 Town Watch
12:45 Double-Bit Axe
17:33 Man-at-Arms
18:40 Scale Mail Armor
18:52 Forging
19:41 Scale Barding Armor
19:27 Fishing Lines
20:23 Arson
24:38 Fletching
28:46 Wheelbarrow
32:00 Castle Age
31:28 Padded Archer Armor
31:41 Gold Mining
31:42 Stone Mining
32:10 Light Cavalry
32:38 Elite Skirmisher
33:22 Husbandry
34:07 Medium Warships
39:11 Ballistics
39:01 Masonry
40:42 Bow Saw
42:10 Town Patrol
44:23 Squires
Connection lost

Rejoining the realm…

Still unreachable

The connection could not be restored.

Session expired

The server has moved on; the page needs a fresh start.